 Dungeon Crawl Stone Soup version 0.26-a0-774-g1415c89e12 (webtiles) character file.

Game seed: 12566688224106987003

210 Bliebski the Insei (level 5, -1/35 HPs)
             Began as an Octopode Transmuter on Nov 8, 2020.
             Slain by Sigmund
             ... wielding a +0 scythe
              (13 damage)
             ... on level 3 of the Dungeon.
             The game lasted 00:05:50 (3826 turns).

Bliebski the Insei (Octopode Transmuter)            Turns: 3826, Time: 00:05:51

Health: -1/35      AC:  1    Str:  9    XL:     5   Next: 88%
Magic:  9/9        EV: 14    Int: 15    God:
Gold:   126        SH:  0    Dex: 14    Spells: 9/10 levels left

rFire    . . .     SeeInvis .   m - +1 spear (vorpal)
rCold    . . .     Faith    .   (no shield)
rNeg     . . .     Spirit   .   (helmet restricted)
rPois    .         Reflect  .   n - amulet of regeneration
rElec    .         Harm     .   (no ring)
rCorr    .         Rampage  .   (no ring)
MR       .....                  (no ring)
Stlth    ++........             (no ring)
HPRegen  0.51/turn              (no ring)
MPRegen  0.11/turn              (no ring)
                                (no ring)
                                (no ring)

@: no status effects
A: almost no armour, stealthy swim, amphibious, 8 rings, constrict 8, camouflage
1, gelatinous body 1
a: no special abilities


You were on level 3 of the Dungeon.
You visited 1 branch of the dungeon, and saw 4 of its levels.

You collected 126 gold pieces.

Inventory:

Hand Weapons
 m - a +1 vorpal spear (weapon)
Missiles
 b - 155 stones (quivered)
Jewellery
 a - an uncursed ring of fire
 e - an uncursed amulet of guardian spirit
 n - an amulet of regeneration (around mantle)
Scrolls
 f - a scroll of enchant weapon {unknown}
 h - 7 scrolls of identify {unknown}
 i - 5 scrolls of teleportation {unknown}
 j - a scroll of amnesia {unknown}
 k - 2 scrolls of remove curse {unknown}
 l - 2 scrolls of enchant armour {unknown}
 q - a scroll of blinking {unknown}
 r - a scroll of fog {unknown}
Potions
 c - a potion of brilliance {unknown}
 d - a potion of curing {unknown}
 g - 2 potions of invisibility {unknown}
 o - 2 potions of might {unknown}
 p - 2 potions of berserk rage {unknown}


   Skills:
 + Level 2.5 Fighting
 + Level 3.1 Dodging
 + Level 3.8 Unarmed Combat
 + Level 3.0 Spellcasting
 + Level 3.1 Transmutations


You had 9 spell levels left.
You knew the following spells:

 Your Spells              Type           Power        Failure   Level
a - Beastly Appendage     Tmut           ##....       5%          1

Your spell library contained the following spells:

 Spells                   Type           Power        Failure   Level
 Wereblood                Tmut           ##......     9%          2
 Spider Form              Tmut/Pois      #.........   32%         3
 Ice Form                 Ice/Tmut       #.......     71%         4
 Blade Hands              Tmut           ##........   83%         5


Dungeon Overview and Level Annotations

Branches:
Dungeon (4/15)
 Temple: D:4-7

Altars:
Hepliaklqana

Annotations:
D:3 Sigmund


Innate Abilities, Weirdness & Mutations

You cannot wear most types of armour.
You are very stealthy in the water. (Stealth+)
You are amphibious.
You can wear up to eight rings at the same time.
You can use your tentacles to constrict eight enemies at once.
Your skin changes colour to match your surroundings (Stealth+).
Your rubbery body absorbs attacks. (AC +1, EV +1)


Message History

A goblin comes into view. It is wielding a +0 club.
A goblin is nearby!
A goblin is nearby!
The goblin shouts!
You hear a shout! x3; You hear an angry hiss.
Sigmund the Dreaded comes into view.
He is wielding a +0 scythe and carrying a wand of flame (17).
You hit the goblin but do no damage. You grab the goblin.
You constrict the goblin. The goblin hits you with a +0 club.
A hobgoblin comes into view. It is wielding a +0 club.
An orc comes into view. It is wielding a +0 club.
The hobgoblin shouts!
You hit the goblin.
You kill the goblin!
You hear a shout! x2
Sigmund points at you and mumbles some strange words.
The puff of flame hits you!
You reach to attack!
You barely miss Sigmund.
Sigmund zaps a wand.
The puff of flame hits you!
An orc comes into view.
Sigmund hits you from afar with a +0 scythe!
You die...

.... .. ### ## ##.##
♣.##...###############
♣..#..................
♣♣♣....###############
♣...#.## ♣♣....#
♣♣...# ♣.##@# ♣.. #)#
♣. #@# . #g# ..


.oo ##. . .. You could see Sigmund, 2 orcs and a hobgoblin.

Vanquished Creatures
  An orc priest (D:3)
  2 orc wizards (D:2)
  Robin (D:3)
  3 adders
  A worm (D:2)
  4 dart slugs
  6 orcs
  3 giant cockroaches
  10 goblins
  10 hobgoblins
  8 jackals
  4 kobolds
  3 quokkas
  3 bats
  4 frilled lizards
  4 rats
67 creatures vanquished.

Notes
Turn   | Place    | Note
-------+----------+-------------------------------------------
     0 | D:1      | Bliebski the Octopode Transmuter began the quest for the
                  | Orb.
     0 | D:1      | Reached XP level 1. HP: 13/13 MP: 3/3
   418 | D:1      | Reached XP level 2. HP: 12/18 MP: 3/5
   973 | D:1      | Reached XP level 3. HP: 23/23 MP: 4/6
  2158 | D:2      | Reached XP level 4. HP: 10/29 MP: 5/7
  2355 | D:2      | Found a hazy altar of Hepliaklqana.
  2526 | D:3      | Reached XP level 5. HP: 33/34 MP: 6/9
  3119 | D:3      | Noticed Robin
  3126 | D:3      | Killed Robin
  3455 | D:3      | You fall into a shaft and drop 1 floor!
  3822 | D:3      | Noticed Sigmund
  3826 | D:3      | Slain by Sigmund

Illustrated notes

Levels and vault maps discovered:
D:1:      evilmike_arrival_rings, layout_loops_corners, minmay_misc_feat_doors
D:2:      layout_loops_ring, marbit_many_paths
D:3:      layout_loops_ring, chequers_ecumenical_altar_grove,
          grunt_ministairs_8, uniq_robin, uniq_sigmund, uniq_crazy_yiuf_cottage
D:4:      layout_basic, kennysheep_mini_moat, overflow_temple_1_default,
          gammafunk_ghost_cemetery, kennysheep_decorative_pillar

Skill      XL: |  1  2  3  4  5 |
---------------+----------------+-----
Fighting       | 2 |  2.5
Transmutations | 3 |  3.1
Dodging        | 3 |  3.1
Spellcasting   | 3 |  3.0
Unarmed Combat | |  3.8

Action                   |  1- 3 |  4- 6 || total
-------------------------+-------+-------++-------
Melee: Unarmed           |    54 |       ||    54
       Constrict         |    25 |    20 ||    45
       Kick              |    23 |     7 ||    30
       Tentacles         |    13 |    10 ||    23
       Spear             |    19 |    85 ||   104
       Punch             |     1 |     1 ||     2
Throw: Stone             |     5 |     2 ||     7
 Cast: Beastly Appendage |    24 |    14 ||    38
 Stab: Sleeping          |     4 |     7 ||    11
Armor: Skin              |     2 |     4 ||     6
Dodge: Dodged            |    32 |    44 ||    76

Table legend: (Time is in decaauts)
 A = Elapsed time spent in this place.
 B = Non-inter-level travel time spent in this place.
 C = Inter-level travel time spent in this place.
 D = Time resting spent in this place.
 E = Time spent auto-exploring this place.
 F = Levels seen in this place.
 G = Mean time per level.
                   A        B        C        D        E       F      G
               +--------+--------+--------+--------+--------+-----+--------+
         Total |   3837 |   3773 |     64 |   1089 |   2167 |   4 |  959.2 |
       Dungeon |   3837 |   3773 |     64 |   1089 |   2167 |   4 |  959.2 |
               +--------+--------+--------+--------+--------+-----+--------+

Top non-repeatable levels by time:
     D:1: 1678 daAuts
     D:2: 1196 daAuts
     D:3: 761 daAuts
     D:4: 201 daAuts
